Map: Dusk Towers

Players

desRow

  • Race: Protoss Protoss
  • League: Master

oliM - Winner!

  • Race: Protoss Protoss
  • League: Master

VOD

Have the link to the VOD?

Description

Time

  • Played on: Jan. 4, 2016, 1:06 p.m.
  • Length: 13:53
Show
View Real Time Build Order
Export as new Build Order

desRow Protoss 

Build Orders: 1 Gate Expand, Blink Stalkers 

Get SALT Encoding   

  12  0:01  Probe (Chrono Boost)  
  13  0:12  Probe (Chrono Boost)  
  14  0:18  Pylon  
  14  0:22  Probe (Chrono Boost)  
  15  0:36  Probe (Chrono Boost)  
  15  0:39  Gateway  
  16  0:47  Probe (Chrono Boost), Assimilator  
  17  0:57  Probe (Chrono Boost)  
  18  1:08  Probe (Chrono Boost)  
  19  1:19  Nexus  
  19  1:22  Probe (Chrono Boost)  
  20  1:33  Cybernetics Core  
  20  1:36  Probe (Chrono Boost)  
  21  1:43  Assimilator  
  21  1:48  Pylon  
  21  1:50  Probe (Chrono Boost)  
  22  2:01  Probe (Chrono Boost)  
  23  2:09  Stalker, Warp Gate  
  23  2:11  Probe (Chrono Boost)  
  26  2:22  Probe (Chrono Boost)  
  27  2:26  Twilight Council  
  27  2:30  Probe (Chrono Boost)  
  27  2:35  Probe (Chrono Boost)  
  29  2:41  Probe (Chrono Boost)  
  29  2:44  Stalker  
  32  2:45  Probe (Chrono Boost)  
  33  2:52  Probe (Chrono Boost)  
  33  2:56  Probe (Chrono Boost)  
  35  3:02  Probe (Chrono Boost)  
  35  3:04  Blink (Chrono Boost)  
  36  3:07  Probe (Chrono Boost)  
  36  3:12  Pylon  
  37  3:18  Mothership Core (Chrono Boost)  
  37  3:19  Probe (Chrono Boost)  
  40  3:28  Pylon  
  40  3:30  Probe (Chrono Boost)  
  40  3:31  Stalker  
  43  3:36  Probe (Chrono Boost)  
  44  3:44  Gateway  
  44  3:45  Gateway  
  44  4:02  Probe (Chrono Boost)  
  43  4:05  Probe (Chrono Boost)  
  44  4:12  Probe (Chrono Boost), Nexus  
  44  4:15  Robotics Facility  
  44  4:16  Probe  
  45  4:21  Stalker  
  48  4:26  Probe, Pylon  
  48  4:29  Probe  
  50  4:38  Probe  
  50  4:40  Probe  
  50  4:43  Stalker x2  
  50  4:45  Stalker  
  58  4:48  Assimilator  
  58  4:50  Probe  
  59  4:55  Assimilator  
  59  4:56  Probe, Dark Shrine  
  60  5:03  Probe  
  60  5:06  Warp Prism (Chrono Boost)  
  63  5:07  Probe  
  64  5:15  Probe  
  64  5:20  Forge  
  65  5:25  Probe  
  60  5:44  Stalker x3, Probe x2  
  60  5:46  Probe  
  69  5:53  Immortal (Chrono Boost)  
  69  5:54  Protoss Ground Weapons Level 1  
  69  5:55  Probe  
  74  6:02  Probe  
  75  6:06  Probe  
  75  6:09  Stalker  
  75  6:10  Dark Templar x2  
  75  6:11  Probe  
  82  6:14  Assimilator  
  82  6:17  Pylon  
  83  6:25  Probe, Pylon  
  84  6:29  Pylon  
  84  6:31  Pylon  
  84  6:32  Probe  
  84  6:34  Probe  
  84  6:36  Immortal (Chrono Boost)  
  90  6:44  Probe, Robotics Bay  
  90  6:45  Probe  
  92  6:50  Assimilator  
  92  6:57  Probe x2  
  94  7:03  Probe  
  93  7:10  Immortal (Chrono Boost)  
  93  7:11  Probe  
  93  7:12  Gateway  
  93  7:13  Gateway  
  93  7:14  Gateway  
  93  7:15  Probe  
  98  7:18  Probe  
  98  7:20  Stalker x2  
  98  7:21  Stalker  
  106  7:23  Probe  
  105  7:33  Pylon  
  105  7:34  Pylon, Photon Cannon  
  105  7:35  Photon Cannon  
  103  7:38  Photon Cannon  
  103  7:41  Disruptor (Chrono Boost)  
  106  7:45  Protoss Ground Weapons Level 2 (Chrono Boost)  
  106  7:46  Stalker x2  
  106  7:48  Sentry  
  106  7:50  Robotics Facility  
  112  8:09  Stalker x5  
  112  8:10  Disruptor  
  122  8:19  Stalker  
  127  8:29  Photon Cannon  
  127  8:34  Pylon  
  125  8:44  Disruptor (Chrono Boost)  
  125  8:47  Disruptor (Chrono Boost)  
  131  8:51  Nexus, Photon Cannon  
  131  8:54  Pylon  
  131  8:55  Pylon  
  131  8:58  Stargate  
  131  9:02  Gateway  
  131  9:03  Gateway  
  131  9:13  Pylon  
  131  9:19  Observer (Chrono Boost)  
  131  9:21  Disruptor (Chrono Boost)  
  129  9:32  Stalker x6, Protoss Ground Weapons Level 3  
  141  9:40  Disruptor (Chrono Boost)  
  144  9:51  Assimilator  
  144  9:52  Disruptor (Chrono Boost)  
  147  9:54  Oracle  
  147  9:58  Assimilator  
  150  10:02  Photon Cannon  
  150  10:03  Stalker x5  
  150  10:06  Probe x3  
  162  10:08  Probe  
  162  10:13  Photon Cannon  
  164  10:16  Disruptor (Chrono Boost)  
  167  10:25  Pylon  
  165  10:38  Stalker x2  
  165  10:39  Stalker x5  
  177  10:51  Disruptor (Chrono Boost)  
  156  11:07  Stalker x5  
  166  11:13  Stalker x3  
  170  11:24  Fleet Beacon, Gateway  
  170  11:26  Gateway  
  170  11:27  Gateway  
  170  11:28  Disruptor (Chrono Boost)  
  163  11:55  Oracle  
  163  11:58  Stalker x4  
  163  11:59  Stalker  
  176  12:15  Nexus  
  176  12:17  Assimilator  
  176  12:22  Assimilator  
  152  12:38  Disruptor x2 (Chrono Boost)  
  156  12:44  Stalker x3  
  156  12:45  Stalker x3  
  156  12:47  Tempest  
  172  12:52  Stargate  
  172  12:54  Stargate  
  113  13:08  Stalker x5  
  113  13:09  Stalker x6  
  89  13:36  Stalker x3  
  89  13:37  Stalker x7  
Show
View Real Time Build Order
Export as new Build Order

oliM Protoss - Winner!

Build Orders: Nexus First 

Get SALT Encoding   

  12  0:01  Probe (Chrono Boost)  
  13  0:12  Probe (Chrono Boost)  
  14  0:18  Pylon  
  14  0:22  Probe (Chrono Boost)  
  15  0:36  Probe (Chrono Boost)  
  16  0:46  Probe (Chrono Boost)  
  17  0:57  Nexus  
  17  1:07  Gateway  
  17  1:10  Probe (Chrono Boost)  
  18  1:18  Assimilator  
  18  1:21  Probe (Chrono Boost)  
  18  1:24  Assimilator  
  19  1:31  Probe (Chrono Boost)  
  20  1:40  Gateway  
  20  1:42  Probe (Chrono Boost)  
  21  1:53  Probe (Chrono Boost)  
  22  1:57  Cybernetics Core  
  22  2:03  Probe (Chrono Boost)  
  23  2:10  Probe (Chrono Boost)  
  23  2:14  Probe (Chrono Boost)  
  25  2:16  Pylon  
  25  2:21  Probe (Chrono Boost)  
  26  2:24  Probe (Chrono Boost)  
  27  2:31  Probe (Chrono Boost)  
  27  2:33  Adept (Chrono Boost)  
  27  2:34  Adept (Chrono Boost)  
  32  2:37  Warp Gate  
  32  2:43  Mothership Core (Chrono Boost)  
  34  2:45  Probe  
  35  2:57  Probe (Chrono Boost)  
  36  3:00  Pylon  
  36  3:01  Stalker  
  36  3:03  Probe (Chrono Boost)  
  39  3:07  Sentry  
  39  3:10  Probe (Chrono Boost)  
  42  3:14  Probe (Chrono Boost)  
  43  3:20  Twilight Council, Probe (Chrono Boost)  
  43  3:24  Probe (Chrono Boost)  
  45  3:31  Probe (Chrono Boost)  
  46  3:35  Probe (Chrono Boost)  
  48  3:41  Probe (Chrono Boost)  
  48  3:43  Robotics Facility  
  48  3:45  Probe (Chrono Boost)  
  49  3:52  Probe (Chrono Boost)  
  50  3:56  Probe (Chrono Boost)  
  50  4:01  Probe (Chrono Boost)  
  50  4:04  Blink (Chrono Boost)  
  50  4:06  Assimilator  
  50  4:07  Probe  
  49  4:10  Assimilator  
  49  4:11  Probe, Gateway  
  49  4:12  Gateway  
  50  4:19  Probe, Pylon  
  50  4:22  Probe  
  52  4:26  Pylon  
  52  4:30  Pylon  
  52  4:31  Probe  
  53  4:32  Observer (Chrono Boost)  
  54  4:39  Stalker  
  54  4:44  Gateway  
  56  4:45  Gateway  
  56  4:47  Gateway  
  55  5:03  Nexus  
  55  5:05  Probe x2 (Chrono Boost), Pylon  
  57  5:08  Pylon  
  57  5:16  Probe x2 (Chrono Boost)  
  57  5:19  Robotics Bay  
  59  5:26  Stalker x2  
  63  5:29  Stalker  
  61  5:38  Stalker  
  61  5:45  Probe  
  61  5:47  Pylon  
  62  5:50  Pylon  
  62  5:51  Stalker x2, Probe  
  67  5:57  Forge  
  67  5:58  Probe  
  67  6:01  Probe  
  69  6:10  Probe, Observer (Chrono Boost)  
  71  6:12  Probe  
  71  6:14  Stalker  
  71  6:15  Stalker, Robotics Bay  
  71  6:17  Pylon  
  76  6:18  Stalker  
  76  6:22  Probe  
  76  6:24  Stalker  
  81  6:29  Observer (Chrono Boost)  
  81  6:32  Photon Cannon  
  82  6:34  Photon Cannon  
  82  6:37  Photon Cannon  
  82  6:46  Photon Cannon  
  82  6:48  Immortal (Chrono Boost)  
  82  6:52  Protoss Ground Weapons Level 1 (Chrono Boost)  
  86  7:00  Stalker x3  
  91  7:09  Probe  
  91  7:12  Photon Cannon  
  90  7:18  Probe  
  91  7:23  Stalker x2  
  91  7:25  Disruptor (Chrono Boost)  
  97  7:37  Probe, Assimilator  
  97  7:40  Probe, Robotics Facility  
  97  7:43  Assimilator  
  97  7:44  Probe  
  99  7:49  Pylon  
  99  7:50  Pylon, Zealot  
  102  7:52  Stalker x2  
  102  7:56  Disruptor (Chrono Boost)  
  102  7:57  Probe  
  110  7:58  Probe  
  110  8:03  Probe  
  112  8:08  Stalker  
  112  8:09  Stalker x2, Probe  
  112  8:10  Probe  
  120  8:13  Probe  
  121  8:20  Gateway  
  121  8:21  Gateway  
  119  8:27  Disruptor (Chrono Boost)  
  119  8:30  Disruptor (Chrono Boost)  
  125  8:37  Probe  
  126  8:48  Stalker x4  
  128  8:49  Stalker x2  
  128  8:52  Protoss Ground Weapons Level 2 (Chrono Boost)  
  138  8:56  Pylon  
  138  8:58  Disruptor (Chrono Boost)  
  138  8:59  Dark Shrine  
  141  9:11  Pylon  
  141  9:12  Pylon  
  141  9:13  Disruptor (Chrono Boost)  
  142  9:34  Stargate  
  142  9:38  Probe, Disruptor (Chrono Boost)  
  146  9:42  Nexus  
  146  9:44  Pylon  
  146  9:46  Pylon  
  146  9:47  Disruptor (Chrono Boost)  
  149  9:59  Stalker x5  
  158  10:11  Disruptor (Chrono Boost)  
  161  10:17  Oracle (Chrono Boost)  
  161  10:18  Disruptor (Chrono Boost)  
  167  10:26  Probe  
  167  10:28  Assimilator  
  167  10:31  Photon Cannon  
  167  10:35  Photon Cannon  
  167  10:44  Gateway  
  167  10:45  Disruptor  
  167  10:46  Gateway  
  167  10:47  Gateway  
  167  10:49  Gateway  
  170  10:53  Probe, Disruptor, Pylon  
  174  10:57  Protoss Ground Weapons Level 3, Oracle (Chrono Boost)  
  174  10:58  Assimilator  
  174  11:20  Disruptor  
  177  11:28  Disruptor  
  180  11:39  Oracle (Chrono Boost)  
  183  11:44  Pylon  
  180  11:56  Stalker x2, Disruptor  
  180  11:57  Stalker x5  
  197  12:04  Disruptor  
  197  12:28  Nexus  
  197  12:30  Pylon  
  197  12:32  Pylon  
  194  12:37  Disruptor  
  184  12:46  Disruptor  
  157  13:04  Probe  
  143  13:06  Stalker x2  
  143  13:07  Stalker x6  
  143  13:08  Stalker x4  
  167  13:19  Photon Cannon  
  164  13:22  Photon Cannon  
  164  13:24  Photon Cannon  
  164  13:26  Photon Cannon  
  148  13:40  Stalker x4  
  148  13:41  Stalker x5  
  163  13:42  Stalker  
Tags
 
Add a new tag
Caveats
  • Supply blocks, unpowered buildings, or Contaminate may cause inaccurate times.
  • Supply counts are checked every 10 seconds.